 Dungeon Crawl Stone Soup version 0.23-a0-164-g7711e57 (webtiles) character file.

3294 grindst0ne the Fighter (level 9, -10/77 HPs)
             Began as a Mummy Gladiator on Sept 10, 2018.
             Was an Initiate of Gozag.
             Mangled by an orc warrior
             ... wielding the +11 dagger of Somewhere Else {pierce, Dex+6 Stlth+}
              (19 damage)
             ... on level 7 of the Dungeon.
             The game lasted 00:18:27 (8328 turns).

grindst0ne the Fighter (Mummy Gladiator)            Turns: 8328, Time: 00:18:28

Health: -10/77     AC:  9    Str: 18    XL:     9   Next: 69%
Magic:  11/11      EV: 12    Int: 10    God:    Gozag
Gold:   38         SH:  0    Dex: 13    Spells: 8/8 levels left

rFire    x . .     SeeInvis .   u - +4 dire flail (freeze)
rCold    + + .     Gourm    .   (shield currently unavailable)
rNeg     + + +     Faith    .   q - +2 leather armour {rC+}
rPois    ∞         Spirit   .   c - +0 helmet
rElec    .         Reflect  .   t - +0 cloak
rCorr    .         Harm     .   b - +0 pair of gloves
MR       +....                  p - +0 pair of boots
Stlth    +.........             (no amulet)
HPRegen  0.22/turn              r - ring of flight
MPRegen  0.12/turn              (no ring)

@: no status effects
A: no food or potions, fire vulnerability, cold resistance 1, negative energy
resistance 3, torment resistance, unbreathing
a: Potion Petition, Call Merchant, Bribe Branch, Renounce Religion, Evoke Flight


You were on level 7 of the Dungeon.
You worshipped Gozag.
Gozag was noncommittal.
You were not hungry.

You visited 2 branches of the dungeon, and saw 8 of its levels.

You collected 636 gold pieces.
You spent 136 gold pieces at shops.
You paid 462 gold pieces to Gozag.

Inventory:

Hand Weapons
 a - a +1 flail
 u - a +4 dire flail of freezing (weapon)
Missiles
 n - 2 tomahawks (quivered)
 v - a stone
Armour
 b - a +0 pair of gloves (worn)
 c - a +0 helmet (worn)
 f - a +0 chain mail
 g - a +0 large shield
 p - a +0 pair of boots (worn)
 q - a +2 leather armour of cold resistance (worn)
 t - a +0 cloak (worn)
Jewellery
 r - a ring of flight (left hand)
Wands
 i - a wand of flame (38)
 s - a wand of polymorph (10)
Scrolls
 d - a scroll of summoning {unknown}
 e - 3 scrolls of enchant weapon
 h - a scroll of fog {unknown}
 j - 3 scrolls of enchant armour
 k - a scroll of identify
 l - 2 scrolls of remove curse
 m - a scroll of amnesia {unknown}
 o - a scroll of immolation


   Skills:
 + Level 9.5 Fighting
 - Level 3.0 Maces & Flails
 - Level 1.5 Throwing
 - Level 2.4 Dodging
 + Level 7.1 Shields
 + Level 3.9 Evocations


You had 8 spell levels left.
You didn't know any spells.
Your spell library was empty.

Dungeon Overview and Level Annotations

Branches:
Dungeon (7/15)             Temple (1/1) D:5

Altars:
Ashenzari
Dithmenos
Elyvilon
Fedhas
Gozag
Hepliaklqana
Kikubaaqudgha
Nemelex Xobeh
Qazlal
Ru
Sif Muna
Trog
Uskayaw
Vehumet
Wu Jian
Xom
Yredelemnul
Zin
The Shining One

Shops:
D:6 *

Annotations:
D:2 exclusion: 2 downstairs


Innate Abilities, Weirdness & Mutations

You do not eat or drink.
Your flesh is vulnerable to fire.
You are immune to poison.
Your flesh is cold resistant. (rC+)
You are immune to negative energy. (rN+++)
You are immune to unholy pain and torment.
You can survive without breathing.


Message History

The orc wizard points at you and mumbles some strange words.
The magic dart hits you!
The orc warrior throws a stone.
The stone barely misses you.
You see here a stone.
You completely miss the orc wizard.
The orc wizard hits you but does no damage.
You barely miss the orc warrior.
The orc wizard casts a spell.
The orc wizard flickers and vanishes!
Deactivating autopickup; reactivate with Ctrl-A.
You sock the orc warrior! You freeze the orc warrior.
The orc warrior is heavily wounded.
The orc warrior hits you with an ancient dagger {pierce}!!
You hit the orc warrior but do no damage.
The orc warrior is heavily wounded.
The orc warrior hits you with an ancient dagger {pierce}!!
* * * LOW HITPOINT WARNING * * *
x2 The orc warrior hits you with an ancient dagger {pierce}!!
You die...
Your body crumbles into a pile of gold.

...##.# ... ...'. #
##..#### ...### ......_
#### ###....# #
#.......# # ####
#.###...# .# ...#
#.##...(# #.# ##)#
###.##.#.{###..### ##.#
≈#..##...oo@.....# ###
##(#≈≈#..##.######.####
#.# ##(#≈≈#[.....# .#≈
#.# ##(#≈≈#......# .#≈≈≈
#.# #.#≈≈#..#####≈
#.#≈≈≈# #.#
#.#≈≈#......#≈≈ #.#≈≈≈#
#.# ##(# ≈#......#≈≈
#.#≈≈≈# #.#
...####......#≈≈ ###≈≈≈#
#.#
......%..#####≈≈≈≈≈≈≈≈≈#
#.#


You could see an orc warrior and an orc wizard.

Vanquished Creatures
  Pikel (D:4)
  Joseph (D:7)
  A yak (D:7)
  Eustachio (D:4)
  3 hogs (D:7)
  A human (D:7)
  Menkaure (D:6)
  A sky beast (D:6)
  3 ogres
  2 phantoms (D:6)
  A scorpion (D:6)
  5 wights (D:7)
  2 howler monkeys (D:5)
  2 crimson imps
  A jelly (D:5)
  Crazy Yiuf (D:6)
  2 bullfrog skeletons (D:4)
  2 orc priests (D:4)
  4 orc wizards
  A centaur skeleton (D:5)
  Ijyb (D:4)
  An iguana (D:4)
  2 worker ants (D:5)
  4 gnolls (D:6)
  8 adders
  An ooze (D:3)
  2 adder zombies (D:7)
  An adder skeleton (D:7)
  3 worms
  A dart slug (D:3)
  6 leopard geckos
  20 orcs
  2 ball pythons
  7 bats
  6 giant cockroaches
  9 goblins
  10 hobgoblins
  2 jackals (D:1)
  2 quokkas
  3 frilled lizards
  A jackal skeleton (D:4)
  9 kobolds
  7 rats
144 creatures vanquished.

Vanquished Creatures (others)
  A crimson imp (D:5)
  An adder zombie (D:5)
2 creatures vanquished.

Grand Total: 146 creatures vanquished

Notes
Turn   | Place    | Note
-------+----------+-------------------------------------------
     0 | D:1      | grindst0ne the Mummy Gladiator began the quest for the Orb.
     0 | D:1      | Reached XP level 1. HP: 16/16 MP: 1/1
   155 | D:1      | Reached XP level 2. HP: 18/23 MP: 2/2
   212 | D:1      | Reached skill level 3 in Fighting
   710 | D:2      | Reached XP level 3. HP: 19/30 MP: 3/3
  1073 | D:2      | Found a radiant altar of Vehumet.
  1154 | D:2      | Reached skill level 4 in Fighting
  1422 | D:2      | Found a shadowy altar of Dithmenos.
  2080 | D:3      | Reached XP level 4. HP: 37/37 MP: 4/4
  2116 | D:3      | Reached skill level 1 in Shields
  3030 | D:3      | Found a blossoming altar of Fedhas.
  3033 | D:3      | Found a sacrificial altar of Ru.
  3036 | D:3      | Found a bloodstained altar of Trog.
  3065 | D:4      | Noticed an ogre
  3078 | D:4      | Killed an ogre
  3078 | D:4      | Reached skill level 5 in Fighting
  3078 | D:4      | Reached XP level 5. HP: 44/44 MP: 5/5
  3244 | D:4      | Reached XP level 6. HP: 35/51 MP: 6/6
  3509 | D:4      | Found a blossoming altar of Fedhas.
  3524 | D:4      | Noticed Ijyb
  3545 | D:4      | Killed Ijyb
  3899 | D:5      | Entered Level 5 of the Dungeon
  3936 | D:4      | Reached XP level 7. HP: 36/57 MP: 7/7
  4054 | D:5      | Found a staircase to the Ecumenical Temple.
  4056 | D:5      | Noticed Eustachio
  4095 | D:4      | Killed Eustachio
  4095 | D:4      | Reached skill level 6 in Fighting
  4127 | Temple   | Entered the Ecumenical Temple
  4313 | Temple   | Became a worshipper of Gozag Ym Sagoz the Greedy
  4474 | D:5      | Noticed Pikel
  4506 | D:4      | Killed Pikel
  4506 | D:4      | Reached skill level 7 in Fighting
  4506 | D:4      | Reached skill level 5 in Shields
  4506 | D:4      | Reached XP level 8. HP: 41/67 MP: 8/8
  5148 | D:5      | Found a deep blue altar of Sif Muna.
  5549 | D:6      | Reached skill level 8 in Fighting
  5761 | D:6      | Found Haoxib's General Store.
  5764 | D:6      | Bought a scroll of enchant armour for 97 gold pieces
  5764 | D:6      | Bought a scroll of remove curse for 39 gold pieces
  5792 | D:6      | Reached skill level 1 in Evocations
  5970 | D:6      | Noticed Menkaure
  5973 | D:6      | Killed Menkaure
  6514 | D:6      | Reached XP level 9. HP: 41/75 MP: 10/10
  6709 | D:6      | Found a runed door.
  6733 | D:6      | Found a deep blue altar of Sif Muna.
  7254 | D:6      | Noticed Crazy Yiuf
  7260 | D:6      | Killed Crazy Yiuf
  7341 | D:7      | Noticed Joseph
  7571 | D:7      | Reached skill level 9 in Fighting
  7987 | D:7      | Killed Joseph
  8312 | D:7      | Found a hazy altar of Hepliaklqana.
  8328 | D:7      | Identified the +11 dagger of Somewhere Else {pierce, Dex+6
                  | Stlth+}
  8328 | D:7      | Mangled by an orc warrior

Vault maps used:
D:1:      lightli_arrival_noodles, minmay_misc_feat_plants, hangedman_decor_push
D:2:      nicolae_overflow_hidden_temple, vehumet_crystals
D:3:      grunt_temple_overflow_diamond, first_ration
D:4:      fedhas_altar_2, uniq_ijyb
D:5:      kennysheep_mini, minmay_temple_entry_grid, kennysheep_generic_room_8,
          uniq_pikel, uniq_eustachio
D:6:      serial_shops, shop, led_sif_book, uniq_crazy_yiuf_cottage,
          uniq_menkaure
D:7:      overflow_temple_1_default, enter_bailey_2, serial_aquarium,
          aquarium_bridge_square, aquarium_window_1, aquarium_window_3,
          aquarium_view_2f, aquarium_view_2d, aquarium_balcony_3a,
          grunt_livestock, uniq_joseph
Temple:   minmay_temple_bridge_abc

Skill      XL: |  1  2  3  4  5  6  7  8  9 |
---------------+----------------------------+-----
Fighting       | 3 4 5 7 8 9 |  9.5
Shields        | 2 3 5 6 7 |  7.1
Maces & Flails | 3 |  3.0
Evocations     | 1 3 |  3.9
Throwing       | |  1.5
Dodging        | |  2.4

Action                   |  1- 3 |  4- 6 |  7- 9 || total
-------------------------+-------+-------+-------++-------
Melee: Flail             |   190 |   217 |   262 ||   669
       Dire flail        |       |       |    55 ||    55
Throw: Throwing net      |       |     3 |     4 ||     7
       Tomahawk          |       |     1 |    10 ||    11
Invok: Potion Petition   |       |       |     2 ||     2
Evoke: Wand              |       |     1 |    33 ||    34
  Use: Scroll            |       |     4 |     7 ||    11
 Stab: Held in net/web   |       |     1 |     1 ||     2
       Distracted        |       |       |     1 ||     1
Armor: Leather armour    |    28 |       |     4 ||    32
       Chain mail        |   100 |   184 |   178 ||   462
Dodge: Dodged            |   105 |    89 |   133 ||   327

Table legend:
 A = Non-vault XP
 B = Vault XP
 C = Vault XP percentage of total XP
 D = Non-vault monster count
 E = Vault monster count
 F = Vault count percentage of total count
                 A         B        C        D         E       F
            +---------+---------+-------+---------+---------+-------
      Total |    2129 |    2577 |  54.8 |     132 |      13 |   9.0
            +---------+---------+-------+---------+---------+-------
        D:1 |      36 |       0 |   0.0 |      20 |       0 |   0.0
        D:2 |      46 |       0 |   0.0 |      18 |       0 |   0.0
        D:3 |      89 |       0 |   0.0 |      34 |       0 |   0.0
        D:4 |     583 |     884 |  60.3 |      19 |       3 |  13.6
        D:5 |     312 |       0 |   0.0 |      11 |       0 |   0.0
        D:6 |     739 |     285 |  27.8 |      20 |       4 |  16.7
        D:7 |     324 |    1408 |  81.3 |      10 |       6 |  37.5
            +---------+---------+-------+---------+---------+-------
